 Dungeon Crawl Stone Soup version 0.27.0-1-g7a089689b8 (webtiles) character file.

Game seed: 7064184085065644047

1415 Sin92 the Chopper (level 8, -2/62 HPs)
             Began as a Demonspawn Fighter on Aug 9, 2021.
             Slain by a two-headed ogre (8 damage)
             ... on level 6 of the Dungeon.
             The game lasted 00:09:42 (6817 turns).

Sin92 the Chopper (Demonspawn Fighter)              Turns: 6817, Time: 00:09:43

Health: -2/62      AC: 17    Str: 18    XL:     8   Next: 43%
Magic:  8/8        EV:  6    Int:  9    God:
Gold:   94         SH:  9    Dex:  9    Spells: 7/7 levels left

rFire    + + +     SeeInvis .   s - +2 morningstar (vorpal)
rCold    + . .     Faith    .   c - +0 kite shield
rNeg     . . .     Spirit   .   w - +4 chain mail of Distant Worlds {rF+++ rC+ Regen+ Dex-5}
rPois    .         Reflect  .   y - +1 helmet
rElec    .         Harm     .   (no cloak)
rCorr    .         Rampage  .   (no gloves)
Will     .....                  (no boots)
Stlth    ..........             (no amulet)
HPRegen  1.20/turn              (no ring)
MPRegen  0.11/turn              (no ring)

@: mighty, studying Axes
A: talons 1, sharp scales 2
a: no special abilities


You were on level 6 of the Dungeon.
You visited 1 branch of the dungeon, and saw 6 of its levels.

You collected 318 gold pieces.
You spent 224 gold pieces at shops.

Inventory:

Hand Weapons
 a - a +1 war axe
 k - a +0 vorpal flail
 s - a +2 vorpal morningstar (weapon)
Armour
 b - a +0 scale mail
 c - a +0 kite shield (worn)
 o - a +0 chain mail
 t - a +1 plate armour
 w - the +4 chain mail of Distant Worlds (worn) {rF+++ rC+ Regen+ Dex-5}
   (You found it on level 5 of the Dungeon)

   Dex:       It affects your dexterity (-5).
   rF:        It renders you almost immune to fire.
   rC:        It protects you from cold.
   Regen:     It increases your rate of health regeneration.
 y - a +1 helmet (worn)
Jewellery
 p - a +6 ring of intelligence
Wands
 v - a wand of charming (8)
 z - a wand of flame (15)
Scrolls
 j - a scroll of holy word
 n - a scroll of teleportation
 q - a scroll of blinking
 u - a scroll of identify
 x - a scroll of amnesia
 A - a scroll of fog
Potions
 e - a potion of attraction {unknown}
 f - 3 potions of heal wounds {unknown}
 g - 2 potions of curing {unknown}
 h - a potion of resistance {unknown}
 i - 3 potions of flight {unknown}
 l - a potion of haste {unknown}
 m - 3 potions of ambrosia {unknown}
 B - a potion of lignification {unknown}


   Skills:
 + Level 5.0 Fighting
 + Level 5.3(5.8) Axes
 * Level 3.2(4.7) Maces & Flails
 + Level 4.6 Armour
 + Level 3.3 Dodging
 + Level 4.6 Shields


You had 7 spell levels left.
You didn't know any spells.
Your spell library contained the following spells:

 Spells                   Type           Power      Damage    Failure   Level
 Call Canine Familiar     Summ           0%         N/A       100%        3
 Gell's Gravitas          Tloc           0%         N/A       100%        3
 Lesser Beckoning         Tloc           0%         N/A       100%        3
 Portal Projectile        Hex/Tloc       0%         N/A       100%        3
 Teleport Other           Tloc           0%         N/A       100%        3
 Cause Fear               Hex            0%         N/A       100%        4
 Leda's Liquefaction      Hex/Erth       0%         N/A       100%        4
 Dragon Form              Tmut           0%         N/A       100%        7
 Dragon's Call            Summ           0%         N/A       100%        9


Dungeon Overview and Level Annotations

Branches:
Dungeon (6/15)
 Temple: D:4-7

Altars:
Cheibriados
Uskayaw
Vehumet
Xom
Zin
The Shining One

Shops:
D:2 (   D:3 [   D:5 :(


Innate Abilities, Weirdness & Mutations

You have sharp toenails.
You are mostly covered in razor-sharp scales. (AC +2, Slay +2)


Message History

The orc is heavily wounded.
You block the orc's attack. The orc hits you with a +0 hand axe.
An orc is nearby!
An orc is nearby!
You sock the orc!
You kill the orc!
No target in view!
HP restored.
Things that are here:
a +0 hand axe; an orc corpse No target in view!
A two-headed ogre comes into view.
It is wielding a +0 giant spiked club and a +0 giant club.
The two-headed ogre shouts in stereo!
Unknown command.
A two-headed ogre is nearby!
Unknown command.
A two-headed ogre is nearby!
Unknown command.
The two-headed ogre hits you with a +0 giant spiked club.
The two-headed ogre completely misses you.
A two-headed ogre is nearby!
Your shield prevents you from hitting the two-headed ogre.
The two-headed ogre hits you but does no damage.
You block the two-headed ogre's attack.
A two-headed ogre is nearby!
You closely miss the two-headed ogre. The two-headed ogre barely misses you.
The two-headed ogre hits you with a +0 giant club!
You feel very mighty all of a sudden.
The two-headed ogre hits you with a +0 giant spiked club!
The two-headed ogre hits you with a +0 giant club.
You thump the two-headed ogre!
The two-headed ogre is moderately wounded.
The two-headed ogre hits you but does no damage.
The two-headed ogre hits you with a +0 giant club!
You barely miss the two-headed ogre. You claw the two-headed ogre!
The two-headed ogre is severely wounded.
The two-headed ogre hits you with a +0 giant spiked club!!
* * * LOW HITPOINT WARNING * * *
The two-headed ogre hits you with a +0 giant club!
You die...

#### ########....##
......# #.....@O......
.≈≈...# ##.######....##
.≈....# #......# .....
...≈..# #......# ##.#
..≈≈..# #......# #
_.....# ##.#####
..≈≈..#####.##########.#
...≈.........).)........
.≈....#####.####.#####.#


You could see a two-headed ogre.

Vanquished Creatures
  A kobold demonologist (D:6)
  A water moccasin (D:5)
  An ogre (D:4)
  A phantom (D:5)
  A gnoll sergeant (D:6)
  3 scorpions
  3 hounds (D:6)
  A bullfrog zombie (D:5)
  A centaur skeleton (D:4)
  2 orc priests
  4 orc wizards
  4 iguanas
  8 gnolls
  5 adders
  An ufetubus (D:4)
  3 dart slugs
  16 orcs
  6 endoplasms
  3 giant cockroaches (D:1)
  6 goblins
  9 hobgoblins
  6 jackals
  9 quokkas
  9 ball pythons
  A ball python skeleton (D:3)
  7 bats
  2 frilled lizards
  13 kobolds
  6 rats
133 creatures vanquished.

Notes
Turn   | Place    | Note
-------+----------+-------------------------------------------
     0 | D:1      | Sin92 the Demonspawn Fighter began the quest for the Orb.
     0 | D:1      | Reached XP level 1. HP: 18/18 MP: 1/1
   266 | D:1      | Gained mutation: You are partially covered in razor-sharp
                  | scales. (AC +1, Slay +1) [demonic ancestry]
   266 | D:1      | Reached XP level 2. HP: 13/24 MP: 2/2
   861 | D:1      | Gained mutation: You have sharp toenails. [demonic
                  | ancestry]
   861 | D:1      | Reached XP level 3. HP: 15/29 MP: 3/3
  1396 | D:2      | Found a faded altar of an unknown god.
  1657 | D:2      | Reached skill level 1 in Dodging
  1747 | D:2      | Reached XP level 4. HP: 31/35 MP: 4/4
  2041 | D:2      | Found Zamoe's Antique Weapon Shop.
  2279 | D:3      | Found Gajane's Armour Shop.
  2994 | D:3      | Found a snail-covered altar of Cheibriados.
  3003 | D:3      | Found a shimmering altar of Xom.
  3003 | D:3      | Found a radiant altar of Vehumet.
  3194 | D:3      | Reached XP level 5. HP: 41/41 MP: 5/5
  4557 | D:4      | Gained mutation: You are mostly covered in razor-sharp
                  | scales. (AC +2, Slay +2) [demonic ancestry]
  4557 | D:4      | Reached XP level 6. HP: 48/48 MP: 6/6
  5217 | D:5      | Entered Level 5 of the Dungeon
  5217 | D:5      | Noticed a water moccasin
  5223 | D:5      | Killed a water moccasin
  5233 | D:5      | Found Lied's Antique Weapon Boutique.
  5251 | D:5      | Reached XP level 7. HP: 47/54 MP: 7/7
  5382 | D:5      | Bought a glowing morningstar for 224 gold pieces
  5548 | D:5      | Found Nuemudat's Book Shoppe.
  5568 | D:5      | Reached skill level 1 in Maces & Flails
  5877 | D:5      | Identified the +4 chain mail of Distant Worlds {rF+++ rC+
                  | Regen+ Dex-5}
  6525 | D:6      | Reached XP level 8. HP: 48/61 MP: 8/8
  6574 | D:6      | Reached skill level 5 in Axes
  6740 | D:6      | Found a hide-covered altar of Uskayaw.
  6778 | D:6      | Noticed a kobold demonologist
  6790 | D:6      | Killed a kobold demonologist
  6791 | D:6      | Reached skill level 5 in Fighting
  6809 | D:6      | Noticed a two-headed ogre
  6817 | D:6      | Slain by a two-headed ogre

Illustrated notes

Levels and vault maps discovered:
D:1:      heliophobic_arrival_glass_houses, layout_basic
D:2:      layout_loops_ring, hellmonk_ecumenical_altar_pennies_from_heaven,
          serial_shops, nicolae_shop_stone
D:3:      minmay_chambers_of_twos, layout_loops_ring, minitemple, serial_shops,
          shop, st_stairs_6, minmay_quadrilaterals
D:4:      layout_basic, dk_noncrumbling_2, kennysheep_generic_room_9
D:5:      layout_rooms, serial_shops, shop, nicolae_shop_stone,
          grunt_ministairs_2, minivault_24, minmay_manual_mail
D:6:      kennysheep_housing_project, layout_basic, nzn_wu_jian_council_hall,
          mainiacjoe_overflow_small_starburst, minmay_temple_entry_arrows

Skill      XL: |  1  2  3  4  5  6  7  8 |
---------------+-------------------------+-----
Axes           | 2 3 4 5 |  5.3
Shields        | 3 4 |  4.6
Armour         | 3 4 |  4.6
Dodging        | 1 2 3 |  3.3
Fighting       | 4 5 |  5.0
Maces & Flails | 2 3 |  3.2

Action                   |  1- 3 |  4- 6 |  7- 9 || total
-------------------------+-------+-------+-------++-------
Melee: War axe           |   100 |   130 |     6 ||   236
       Kick              |     2 |    36 |    36 ||    74
       Morningstar       |       |       |   120 ||   120
  Use: Scroll            |       |     7 |     3 ||    10
       Potion            |       |       |     1 ||     1
Armor: Scale mail        |    84 |       |       ||    84
       Chain mail        |       |    91 |    52 ||   143
       Plate armour      |       |     6 |    44 ||    50
Dodge: Dodged            |    53 |    24 |    42 ||   119
Block: Kite shield       |    63 |    69 |    81 ||   213
